 Dungeon Crawl Stone Soup version 0.31-a0-625-gc9c7e45f3f (webtiles) character file.

Game seed: 15025905650850585532

4743 Ijustatesigmund the Contemplative (level 10, -4/60 HPs)
             Began as a Gargoyle Fighter on Aug 24, 2023.
             Was a Priest of Cheibriados.
             Slain by a freezing wraith (11 damage)
             ... on level 9 of the Dungeon.
             The game lasted 00:21:19 (8827 turns).

Ijustatesigmund the Contemplative (GrFi)            Turns: 8827, Time: 00:21:20

Health: -4/60      AC: 15    Str: 26    XL:     10   Next: 46%
Magic:  17/17      EV: 12    Int: 27    God:    Cheibriados [***...]
Gold:   525        SH:  6    Dex: 16    Spells: 13/19 levels left

rFire   . . .        a - +0 morningstar (freeze)
rCold   + . .        c - +1 buckler
rNeg    + . .        J - +0 troll leather armour
rPois   ∞            p - +1 helmet of Qialus {rC+}
rElec   +            (no cloak)
rCorr   +            E - +1 pair of gloves
SInv    .            (no boots)
Will    .....        C - amulet of magic regeneration
Stlth   +            j - ring of resist corrosion
HPRegen 1.10/turn    y - +6 ring of intelligence
MPRegen 0.55/turn

%: no passive effects
@: slowed, very slow
A: sickness immunity, AC +7, negative energy resistance 1, electricity
resistance, torment resistance 1, petrification resistance
a: Renounce Religion, Bend Time, Temporal Distortion


You were on level 9 of the Dungeon.
You worshipped Cheibriados.
Cheibriados was most pleased with you.
You visited 2 branches of the dungeon, and saw 10 of its levels.

You collected 525 gold pieces.

Inventory:

Hand Weapons
 a - a +0 morningstar of freezing (weapon)
 h - a +0 flail of protection
Armour
 b - +0 steam dragon scales
 c - a +1 buckler (worn)
 p - the +1 helmet of Qialus (worn) {rC+}
   (You found it on level 2 of the Dungeon)

   rC+:       It protects you from cold.
 E - a +1 pair of gloves (worn)
 J - a +0 troll leather armour (worn)
Jewellery
 j - a ring of resist corrosion (left hand)
 q - a ring of ice
 y - a +6 ring of intelligence (right hand)
 C - an amulet of magic regeneration (around neck)
Wands
 u - a wand of polymorph (9)
 A - a wand of acid (2)
 F - a wand of flame (16)
Scrolls
 d - 2 scrolls of identify
 e - 3 scrolls of revelation
 f - 4 scrolls of teleportation
 i - a scroll of vulnerability
 k - 7 scrolls of amnesia
 l - a scroll of poison
 m - a scroll of brand weapon
 n - 3 scrolls of blinking
 s - 4 scrolls of fear
 D - a scroll of butterflies
 G - 3 scrolls of enchant armour
 K - a scroll of fog {unknown}
Potions
 g - 13 potions of curing
 o - 3 potions of lignification
 r - 2 potions of enlightenment
 v - 3 potions of mutation {unknown}
 w - 2 potions of resistance {unknown}
 x - a potion of berserk rage
 z - a potion of haste {unknown}
 B - a potion of magic {unknown}
 H - a potion of might
 I - a potion of invisibility {unknown}


   Skills:
 + Level 6.2 Fighting
 + Level 5.0 Maces & Flails
 - Level 5.4 Armour
 - Level 3.0 Dodging
 - Level 5.3 Shields
 - Level 5.2 Spellcasting
 - Level 6.6 Conjurations
 + Level 1.6 Transmutations
 + Level 6.9 Invocations
 - Level 3.3 Evocations


You had 13 spell levels left.
You knew the following spells:

 Your Spells              Type           Power      Damage    Failure   Level
a - Magic Dart            Conj           100%       1d8       1%          1
b - Irradiate             Conj/Tmut      14%        3d16      43%         5

Your spell library contained the following spells:

 Spells                   Type           Power      Damage    Failure   Level
 Searing Ray              Conj           84%        2d7       1%          2
 Lesser Beckoning         Tloc           14%        N/A       14%         2
 Fulminant Prism          Conj/Hex       12%        3d9       24%         4
 Gell's Gravitas          Tloc           7%         N/A       28%         3
 Teleport Other           Tloc           7%         N/A       28%         3
 Petrify                  Tmut/Erth      11%        N/A       54%         4
 Anguish                  Hex/Necr       3%         N/A       67%         4
 Cause Fear               Hex            3%         N/A       67%         4
 Enfeeble                 Hex            3%         N/A       100%        7
 Sublimation of Blood     Necr           Unusable   N/A       N/A         2

Dungeon Overview and Level Annotations

Branches:
Dungeon (9/15)             Temple (1/1) D:5            Lair (0/5) D:8
    Orc: D:9-12

Altars:
Cheibriados
Dithmenos
Elyvilon
Fedhas
Gozag
Hepliaklqana
Kikubaaqudgha
Makhleb
Nemelex Xobeh
Okawaru
Qazlal
Ru
Sif Muna
Trog
Uskayaw
Vehumet
Wu Jian
Xom
Yredelemnul
Zin
The Shining One

Shops:
D:1 [   D:2 [   D:7 *


Innate Abilities, Weirdness & Mutations

You are immune to sickness and miasma.
Your stone body is resilient. (AC +7)
You are immune to poison.
You resist negative energy. (rN+)
You are resistant to electric shocks. (rElec)
You are resistant to unholy torment.
You are immune to petrification.


Message History

You are too injured to fight recklessly!
You are too injured to fight recklessly!
You are too injured to fight recklessly!
You are too injured to fight recklessly!
You feel much better.
You block the freezing wraith's attack. x2
You hit the freezing wraith but do no damage.
The freezing wraith is lightly damaged.
The freezing wraith misses you. You block the freezing wraith's attack.
You closely miss the freezing wraith.
The freezing wraith is lightly damaged.
The freezing wraith barely misses you. The freezing wraith hits you!
The freezing wraith drains your vigour!
You feel yourself slow down.
You puncture the freezing wraith!
The freezing wraith is heavily damaged.
The freezing wraith hits you but does no damage.
The freezing wraith closely misses you. The freezing wraith hits you!
The freezing wraith freezes you. You resist. The freezing wraith hits you.
The freezing wraith drains your vigour!
You feel as though you will be slow longer.
You block the freezing wraith's attack. x2
Aiming: Throw Flame
Press: ? - help, Shift-Dir - straight line, f - freezing wraith
Aim: a freezing wraith (heavily damaged, 71% to hit)
The puff of flame misses the freezing wraith.
The freezing wraith hits you. The freezing wraith freezes you! You resist.
You block the freezing wraith's attack.
Aiming: Corrosive Bolt
Press: ? - help, Shift-Dir - straight line, f/p - freezing wraith
Aim: a freezing wraith (heavily damaged, 74% to hit)
The bolt of acid hits the freezing wraith!
The acid corrodes the freezing wraith!
The freezing wraith is almost destroyed.
You block the freezing wraith's attack.
The freezing wraith hits you but does no damage.
The freezing wraith hits you.
* * * LOW HITPOINT WARNING * * *
The freezing wraith freezes you! You resist.
* * * LOW HITPOINT WARNING * * *
The freezing wraith hits you!
You die...

#... .........#.......
#...#########...#.......
#.8....... #...#....... #......8.
#...#....... +...?....
#...#....... ##...#
#..%()..#####...#....... .#...#
....?...'.......#....... .#...#
.8......#.......#....... .#...#
......8@#.......#.......
##...#######+#..W#...#####.......
.#...........#.[.#...#####.......
.#.†.........#...#...#...........
.#.........[.#...#...#...........
.##'######...#####...#...........
.....#.(.#...........#...........
.....'...#...........'.#########+
######...#...........#.......


You could see a freezing wraith (corroded).

Vanquished Creatures
  A cyclops (D:8)
  A kobold demonologist (D:8)
  2 trolls (D:9)
  A yak (D:9)
  A steam dragon (D:8)
  2 water moccasins
  An orc warrior (D:7)
  2 ice beasts
  2 ogres
  3 black bears
  A centaur (D:7)
  Blork the orc (D:6)
  2 gnoll sergeants
  3 bullfrogs
  4 scorpions
  13 wights
  4 killer bees
  3 howler monkeys
  A hound (D:5)
  3 jellies
  2 gnoll boudas
  2 sleepcaps (D:8)
  Ijyb (D:4)
  Terence (D:3)
  3 iguanas (D:6)
  4 orc wizards
  Robin (D:4)
  18 gnolls
  5 adders
  2 shadow imps (D:8)
  An ufetubus (D:5)
  A dart slug (D:4)
  28 orcs
  6 ball pythons
  4 bats
  4 endoplasms
  3 giant cockroaches
  6 goblins
  9 hobgoblins
  4 jackals (D:2)
  8 kobolds
  3 quokkas
  4 frilled lizards
  7 rats
178 creatures vanquished.

Notes
Turn   | Place    | Note
-------+----------+-------------------------------------------
     0 | D:1      | Ijustatesigmund the Gargoyle Fighter began the quest for
                  | the Orb.
     0 | D:1      | Reached XP level 1. HP: 14/14 MP: 1/1
    74 | D:1      | Found Vaciur's Armour Shoppe.
   209 | D:1      | Reached XP level 2. HP: 17/19 MP: 2/2
   673 | D:2      | Identified the +1 helmet of Qialus {rC+}
   908 | D:2      | Found Cekaum's Antique Armour Shop.
  1031 | D:2      | Reached XP level 3. HP: 22/23 MP: 3/3
  1674 | D:3      | Noticed Terence
  1690 | D:3      | Killed Terence
  1691 | D:3      | Reached XP level 4. HP: 25/29 MP: 4/4
  2074 | D:3      | Found a faded altar of an unknown god.
  2228 | D:4      | Noticed Robin
  2228 | D:4      | Noticed Ijyb
  2507 | D:4      | Killed Ijyb
  2508 | D:4      | Reached XP level 5. HP: 29/33 MP: 5/5
  2510 | D:4      | Killed Robin
  2659 | D:4      | Noticed an ogre
  2671 | D:4      | Killed an ogre
  2672 | D:4      | Reached XP level 6. HP: 24/39 MP: 6/6
  3046 | D:4      | Reached skill level 5 in Fighting
  3046 | D:4      | Reached skill level 5 in Armour
  3046 | D:4      | Reached skill level 5 in Shields
  3049 | D:4      | Identified the +4 rapier of Irriet {heavy, rF+}
  3062 | D:4      | Reached XP level 7. HP: 44/44 MP: 7/7
  3520 | D:5      | Entered Level 5 of the Dungeon
  3820 | D:6      | Reached skill level 1 in Dodging
  3820 | D:6      | Reached skill level 1 in Evocations
  3883 | D:6      | Noticed Blork the orc
  3889 | D:6      | Killed Blork the orc
  3890 | D:6      | Reached XP level 8. HP: 43/50 MP: 8/8
  3991 | D:6      | Learned a level 1 spell: Magic Dart
  4010 | D:6      | Found a sacrificial altar of Ru.
  4083 | D:5      | Reached skill level 1 in Conjurations
  4661 | D:5      | Found a staircase to the Ecumenical Temple.
  4668 | Temple   | Entered the Ecumenical Temple
  4690 | Temple   | Became a worshipper of Cheibriados the Contemplative
  4732 | D:5      | Reached skill level 1 in Spellcasting
  4732 | D:5      | Reached skill level 1 in Invocations
  5123 | D:6      | Reached * piety under Cheibriados
  5230 | D:6      | Found a basalt altar of Yredelemnul.
  5632 | D:6      | Reached XP level 9. HP: 53/54 MP: 6/12
  5882 | D:7      | Found Ziuz Peried's General Store.
  6406 | D:7      | Reached skill level 5 in Conjurations
  6591 | D:8      | Reached ** piety under Cheibriados
  6636 | D:8      | Identified the +2 short sword of Wealu {speed, rPois rC-
                  | Int+2}
  6699 | D:8      | Found a faded altar of an unknown god.
  6699 | D:8      | Found an iron altar of Okawaru.
  6707 | D:8      | Found a sparkling altar of Nemelex Xobeh.
  6709 | D:8      | Found a faded altar of an unknown god.
  6711 | D:8      | Found a shadowy altar of Dithmenos.
  6925 | D:8      | Noticed a cyclops
  6929 | D:8      | Found a staircase to the Lair.
  6932 | D:8      | Killed a cyclops
  6933 | D:8      | Reached skill level 5 in Invocations
  7295 | D:8      | Noticed a kobold demonologist
  7305 | D:8      | Noticed a red devil
  7307 | D:8      | Noticed a rust devil
  7309 | D:8      | Killed a kobold demonologist
  7310 | D:8      | Reached skill level 5 in Spellcasting
  7310 | D:8      | Reached XP level 10. HP: 49/59 MP: 14/17
  8196 | D:8      | Learned a level 5 spell: Irradiate
  8395 | D:9      | Reached *** piety under Cheibriados
  8527 | D:9      | Reached skill level 1 in Transmutations
  8797 | D:9      | Reached skill level 5 in Maces & Flails
  8827 | D:9      | Slain by a freezing wraith

Illustrated notes

Levels and vault maps discovered:
D:1:      dpeg_arrival_radiant, layout_loops_ring, serial_shops, shop
D:2:      layout_loops_corners, serial_shops, nicolae_shop_dealshenge,
          amcnicky_mini_pool_small, minmay_box_of_dots
D:3:      layout_rooms, hellmonk_ecumenical_altar_arch_garden,
          kennysheep_decorative_pillar, uniq_terence
D:4:      layout_basic, nicolae_goblin_pals
D:5:      layout_basic, minmay_temple_entry_enclosed_plants
D:6:      layout_basic, old_standard_altar, mainiacjoe_overflow_catwalk,
          due_unseen_surprise, uniq_blork_the_orc
D:7:      layout_basic, serial_shops, nicolae_inconvenience_store
D:8:      layout_loops_corners, chequers_temple_overflow_minitemple,
          lair_entry_dummy, hangedman_decor_peaks_small
D:9:      kennysheep_blocky_room, layout_grid_maze, minmay_strange_pillars
Temple:   lightli_temple_of_artemis

Skill      XL: |  1  2  3  4  5  6  7  8  9 10 |
---------------+-------------------------------+-----
Fighting       | 4 5 6 |  6.2
Shields        | 4 5 |  5.3
Armour         | 4 5 |  5.4
Maces & Flails | 3 4 5 |  5.0
Dodging        | 2 3 |  3.0
Evocations     | 2 3 |  3.3
Conjurations   | 3 6 |  6.6
Spellcasting   | 2 5 |  5.2
Invocations    | 3 5 6 |  6.9
Transmutations | 1 |  1.6

Action                     |  1- 3 |  4- 6 |  7- 9 | 10-12 || total
---------------------------+-------+-------+-------+-------++-------
  Melee: Flail             |   117 |    83 |   409 |    23 ||   632
         Whip              |       |    60 |       |       ||    60
         Morningstar       |       |       |       |   104 ||   104
   Cast: Magic Dart        |       |       |    28 |     1 ||    29
 Invoke: Bend Time         |       |       |     1 |       ||     1
  Evoke: Wand              |       |       |    14 |     2 ||    16
    Use: Potion            |       |     3 |     2 |     1 ||     6
         Scroll            |       |    12 |     7 |       ||    19
   Stab: Paralysed         |       |       |     4 |       ||     4
 Armour: Scale mail        |    92 |    87 |   330 |    36 ||   545
         Steam dragon scal |       |       |       |    45 ||    45
         Troll leather arm |       |       |       |    23 ||    23
  Dodge: Dodged            |    72 |    71 |   253 |   105 ||   501
  Block: Buckler           |    24 |    42 |   139 |    67 ||   272

Table legend: (Time is in decaauts)
 A = Elapsed time spent in this place.
 B = Non-inter-level travel time spent in this place.
 C = Inter-level travel time spent in this place.
 D = Time resting spent in this place.
 E = Time spent auto-exploring this place.
 F = Levels seen in this place.
 G = Mean time per level.
                   A        B        C        D        E       F      G
               +--------+--------+--------+--------+--------+-----+--------+
         Total |  10112 |   9784 |    328 |   1538 |   6306 |  10 | 1011.2 |
       Dungeon |  10064 |   9761 |    303 |   1538 |   6306 |   9 | 1118.2 |
        Temple |     47 |     22 |     25 |      0 |      0 |   1 |   47.0 |
               +--------+--------+--------+--------+--------+-----+--------+

Top non-repeatable levels by time:
     D:8: 2218 daAuts
     D:5: 1320 daAuts
     D:6: 1139 daAuts
     D:7: 1088 daAuts
     D:3: 1016 daAuts
     D:4: 982 daAuts
     D:2: 926 daAuts
     D:9: 708 daAuts
     D:1: 664 daAuts
  Temple: 47 daAuts
